 Dungeon Crawl Stone Soup version 0.30-a0-760-g5a9884bb7c (webtiles) character file.

Game seed: 14602041488666357214

439242 Lobster4 the Sorcerer (level 22, 0/140 HPs)
             Began as a Deep Elf Earth Elementalist on Feb 11, 2023.
             Was the Champion of Vehumet.
             Slain by a purple very ugly thing (22 damage)
             ... on level 1 of the Depths on Feb 12, 2023.
             The game lasted 03:42:56 (67450 turns).

Lobster4 the Sorcerer (DEEE)                       Turns: 67450, Time: 03:42:57

Health: 0/140      AC: 17    Str: 15      XL:     22   Next: 99%
Magic:  29/49      EV: 21    Int: 32 (35) God:    Vehumet [******]
Gold:   4210       SH:  6    Dex: 17      Spells: 14/64 levels left

rFire   + + .      SeeInvis +    U - +1 mace "Feamuofusa" {heavy, *Rage rElec rF++ Str+2}
rCold   + . .      Faith    .    c - +0 buckler
rNeg    + . .      Spirit   .    u - +1 ring mail {rC+}
rPois   +          Reflect  .    S - +2 helmet
rElec   +          Harm     .    K - +2 cloak "Ygyt" {Str+6 SInv}
rCorr   +          Rampage  .    r - +1 pair of gloves of the Alphagorgon {Contam rN+ Will+ Dex+2}
Will    ++...      Rage     20%  (no boots)
Stlth   ++++++++                 A - amulet of magic regeneration
HPRegen 0.43/turn                W - ring of Compassion {rCorr Stlth+}
MPRegen 0.71/turn                i - ring "Catueda" {rPois Will+ Int+5}

@: about to teleport, weak-willed, studying Polearms
A: no striking features
}: 2/15 runes: barnacled, gossamer
a: Renounce Religion


You were on level 1 of the Depths.
You worshipped Vehumet.
Vehumet was exalted by your worship.
You visited 10 branches of the dungeon, and saw 42 of its levels.
You also visited: Ossuary and Ice Cave.

You collected 5385 gold pieces.
You spent 1175 gold pieces at shops.

Inventory:

Hand Weapons
 E - the +8 flail of Bodily Harmony {holy, rF++ rC- Dex-5 SInv}
   (You took it off a deep elf death mage on level 3 of the Elven Halls)

   Dex:       It affects your dexterity (-5).
   rF:        It greatly protects you from fire.
   rC:        It makes you vulnerable to cold.
   SInv:      It lets you see invisible.
 J - the +9 morningstar of Eternal Vigilance {freeze, rC+ Str+3 Dex+4}
   (You found it on level 7 of the Dungeon)

   Str:       It affects your strength (+3).
   Dex:       It affects your dexterity (+4).
   rC:        It protects you from cold.
 P - the +3 flail of the Jumping Gods {heavy, *Noise Fly rN+ Int+3}
   (You found it on level 3 of the Elven Halls)

   Int:       It affects your intelligence (+3).
   rN:        It protects you from negative energy.
   Fly:       It grants you flight.
   *Noise:    It may make noises in combat.
 U - the +1 mace "Feamuofusa" (weapon) {heavy, *Rage rElec rF++ Str+2}
   (You found it on level 1 of the Spider Nest)

   Str:       It affects your strength (+2).
   rF:        It greatly protects you from fire.
   rElec:     It insulates you from electricity.
   *Rage:     It berserks you when you make melee attacks (+20% chance).
Missiles
 G - 40 poisoned darts (quivered)
 Q - a curare-tipped dart
Armour
 c - a +0 buckler (worn)
 e - a scarf of repulsion
 r - the +1 pair of gloves of the Alphagorgon (worn) {Contam rN+ Will+ Dex+2}
   (You found it on level 3 of the Lair of Beasts)

   Dex:       It affects your dexterity (+2).
   rN:        It protects you from negative energy.
   Contam:    It causes magical contamination when unequipped.
   Will:      It increases your willpower.
 u - a +1 ring mail of cold resistance (worn)
 K - the +2 cloak "Ygyt" (worn) {Str+6 SInv}
   (You found it on level 12 of the Dungeon)

   Str:       It affects your strength (+6).
   SInv:      It lets you see invisible.
 R - +0 acid dragon scales
 S - a +2 helmet (worn)
Jewellery
 i - the ring "Catueda" (right hand) {rPois Will+ Int+5}
   (You bought it in a shop on level 9 of the Dungeon)

   [ring of willpower]

   Int:       It affects your intelligence (+5).
   rPois:     It protects you from poison.
   Will:      It increases your willpower.
 m - a ring of flight
 o - a ring of positive energy
 v - a ring of protection from cold
 y - a ring of protection from fire
 A - an amulet of magic regeneration (around neck)
 W - the ring of Compassion (left hand) {rCorr Stlth+}
   (You found it on level 2 of the Shoals)

   [ring of resist corrosion]

   rCorr:     It protects you from acid and corrosion.
   Stlth:     It makes you more stealthy.
Wands
 s - a wand of digging (20)
 D - a wand of quicksilver (8)
 I - a wand of mindburst (43)
 N - a wand of roots (26)
 T - a wand of paralysis (14)
Scrolls
 g - 3 scrolls of silence
 h - 2 scrolls of poison
 n - 2 scrolls of acquirement
 q - 7 scrolls of teleportation
 t - 7 scrolls of fog
 w - a scroll of magic mapping
 O - a scroll of blinking
 V - a scroll of fear
 X - a scroll of immolation
 Y - a scroll of summoning
Potions
 a - 8 potions of flight
 b - 2 potions of magic
 d - 3 potions of cancellation
 f - a potion of invisibility
 j - 21 potions of curing
 k - 13 potions of heal wounds
 l - 14 potions of might
 p - 7 potions of brilliance
 z - 8 potions of berserk rage
 F - 6 potions of ambrosia
 H - 6 potions of resistance
 L - 5 potions of haste
 M - 5 potions of lignification
Miscellaneous
 x - a tin of tremorstones (2/2)
 B - a lightning rod (4/4)
 C - a condenser vane
 Z - a phantom mirror


   Skills:
 - Level 15.0 Fighting
 - Level 2.0 Staves
 - Level 3.0 Throwing
 + Level 9.4 Armour
 + Level 19.2 Dodging
 + Level 21.1 Stealth
 - Level 5.0 Shields
 + Level 21.8 Spellcasting
 + Level 18.8 Conjurations
 - Level 7.0 Summonings
 - Level 5.0 Necromancy
 - Level 3.0 Translocations
 - Level 5.0 Transmutations
 + Level 19.3 Earth Magic
 - Level 3.0 Evocations


You had 14 spell levels left.
You knew the following spells:

 Your Spells              Type           Power      Damage    Failure   Level
a - Sandblast             Erth           100%       2d20      0%          1
b - Stone Arrow           Conj/Erth      100%       3d13      0%          3
c - Iron Shot             Conj/Erth      51%        9d10      1%          6
d - Lehudib's Crystal Sp  Conj/Erth      51%        10d12     1%          8
e - Iskenderun's Mystic   Conj/Tloc      81%        2d16      1%          4
f - Borgnjor's Vile Clut  Necr/Erth      42%        N/A       1%          5
g - Lee's Rapid Deconstr  Erth           51%        3d24*     0%          5
h - Passwall              Tmut/Erth      70%        N/A       1%          2
i - Petrify               Tmut/Erth      85%        N/A       1%          4
j - Spellforged Servitor  Conj/Summ      43%        N/A       2%          7
z - Freezing Cloud        Conj/Ice/Air   33%        6-21      1%          5

Your spell library contained the following spells:

 Spells                   Type           Power      Damage    Failure   Level
 Ignition                 Fire           17%        3d7       100%        8
 Chain Lightning          Conj/Air       38%        3d50      100%        9
 Fire Storm               Conj/Fire      38%        8d10      100%        9
 Kiss of Death            Conj/Necr      100%       2d13      0%          1
 Sting                    Tmut/Pois      100%       1d8       1%          1
 Blink                    Tloc           100%       N/A       1%          2
 Cigotuvi's Dreadful Rot  Necr/Pois/Air  90%        N/A       1%          2
 Lesser Beckoning         Tloc           100%       N/A       1%          2
 Momentum Strike          Conj/Tloc      100%       3d10      1%          2
 Poisonous Vapours        Pois/Air       68%        N/A       1%          2
 Frozen Ramparts          Ice            68%        1d11      1%          3
 Gell's Gravitas          Tloc           52%        N/A       1%          3
 Ignite Poison            Fire/Tmut/Pois 45%        N/A       1%          3
 Kindle Blastsparks       Fire/Tloc/Air  82%        2d16      1%          3
 Teleport Other           Tloc           52%        N/A       1%          3
 Animate Armour           Summ/Erth      100%       N/A       1%          4
 Fulminant Prism          Conj/Hex       38%        3d17      1%          4
 Leda's Liquefaction      Hex/Erth       38%        N/A       1%          4
 Starburst                Conj/Fire      38%        6d11      1%          6
 Statue Form              Tmut/Erth      56%        N/A       1%          6
 Animate Dead             Necr           61%        N/A       2%          4
 Dispel Undead            Necr           61%        3d21      2%          4
 Summon Ice Beast         Ice/Summ       55%        N/A       4%          4
 Summon Lightning Spire   Summ/Air       55%        N/A       4%          4
 Olgreb's Toxic Radiance  Pois           34%        N/A       5%          4
 Yara's Violent Unravell  Hex/Tmut       25%        3d11      5%          5
 Confusing Touch          Hex            34%        N/A       6%          3
 Tukima's Dance           Hex            34%        N/A       6%          3
 Manifold Assault         Tloc           52%        N/A       6%          4
 Passage of Golubria      Tloc           52%        N/A       6%          4
 Ice Form                 Ice/Tmut       50%        N/A       7%          4
 Summon Mana Viper        Hex/Summ       55%        N/A       13%         5
 Death Channel            Necr           30%        N/A       36%         6
 Metabolic Englaciation   Hex/Ice        17%        N/A       50%         5
 Silence                  Hex/Air        17%        N/A       50%         5
 Dispersal                Tloc           26%        N/A       65%         6
 Monstrous Menagerie      Summ           34%        N/A       67%         7
 Haunt                    Necr/Summ      32%        N/A       82%         7
 Malign Gateway           Summ/Tloc      30%        N/A       91%         7
 Storm Form               Tmut/Air       25%        N/A       99%         7
 Disjunction              Tloc           26%        N/A       100%        8
 Maxwell's Capacitive Co  Air            17%        ∞         100%        8
 Summon Horrible Things   Summ           34%        N/A       100%        8


Dungeon Overview and Level Annotations

Branches:
Dungeon (15/15)            Temple (1/1) D:7            Lair (5/5) D:11
 Shoals (4/4) Lair:3       Spider (4/4) Lair:3        Slime (0/5) Lair:4
    Orc (2/2) D:9             Elf (3/3) Orc:2        Vaults (4/5) D:14
  Crypt (3/3) Vaults:3       Tomb (0/3) Crypt:3      Depths (1/4) D:15
Ossuary (visited)           IceCv (visited)

Altars:
Ashenzari
Cheibriados
Dithmenos
Elyvilon
Fedhas
Gozag
Hepliaklqana
Kikubaaqudgha
Makhleb
Nemelex Xobeh
Okawaru
Qazlal
Ru
Sif Muna
Trog
Uskayaw
Vehumet
Wu Jian
Xom
Yredelemnul
Zin
The Shining One
Jiyva
Lugonu

Shops:
D:8 *   D:9 !(==:   D:13 *   Orc:2 ?*[(   Elf:2 (   Vaults:1 *   Vaults:4 :

Portals:
Abyss: Lair:5

Annotations:
Elf:2 Zenata
Vaults:1 3 runed translucent doors, Daydugri's ghost, adept HOFi


Message History

The phantasmal warrior hits you! The fire dragon bites you!
The fire dragon barely misses you. The fire dragon completely misses you.
The fire dragon attacks as you move away!
You block the fire dragon's attack. The fire dragon claws you!
You block the fire dragon's attack.
The purple very ugly thing attacks as you move away!
The purple very ugly thing tail-slaps you but does no damage.
The phantasmal warrior attacks as you move away!
The phantasmal warrior hits you!
* * * LOW HITPOINT WARNING * * *
Your willpower is stripped away!
The purple ugly thing attacks as you move away!
The purple ugly thing closely misses you.
The hell knight calls down the wrath of its god upon you.
The bolt of fire hits you! You resist.
* * * LOW HITPOINT WARNING * * *
The glowing orange brain pulsates.
You feel dopey. Something feeds on your intellect!
The phantasmal warrior gestures at you.
The phantasmal warrior blinks!
You feel much better.
The purple ugly thing basks in the mutagenic energy from its kin and changes!
The purple very ugly thing tail-slaps you!
* * * LOW HITPOINT WARNING * * *
The phantasmal warrior gestures at you.
The phantasmal warrior blinks!
The vampire knight hits you with a +0 great mace!
* * * LOW HITPOINT WARNING * * *
The vampire knight misses you.
The hell knight mumbles some strange prayers to its god.
The hell knight seems to speed up.
You feel much better.
The hell knight hits you from afar with a +4 glaive of flaming!!
* * * LOW HITPOINT WARNING * * *
The hell knight burns you.
* * * LOW HITPOINT WARNING * * *
The hell knight barely misses you.
The purple very ugly thing tail-slaps you!!
You die...

##....##....9...†.....
....##.....##...........
..##.....#####..........
##......#.####.G#.......
.....>...#......)#...#..
..##.....#..#pDpD#......
#..##...##...puW.....#
#....##.......CuV...#
u.#.....##.....u@?...# #
#.........p.§p...##...
..#...##......W.##...
#.#... #.......#.. ....
..#..........##..# ...
#.#. ........# .#. #.
..=.....## .# ..... ..


You could see 2 very ugly things, a fire dragon, an ice dragon, a stone giant, a
vampire knight, a cyan ugly thing, 5 hell knights, a glowing orange brain and 2
phantasmal warriors.

Vanquished Creatures
  A dread lich (Crypt:3)
  An ancient lich (Crypt:3)
  Saint Roka (Vaults:4)
  Frederick (Vaults:3)
  A curse toe (Crypt:3)
  Nikola (Spider:1)
  Arachne (Spider:2)
  A profane servitor (Crypt:3)
  A shard shrike zombie (Crypt:3)
  A tentacled monstrosity (Vaults:1)
  3 liches
  2 deep elf master archers (Elf:3)
  2 deep elf blademasters (Elf:3)
  6 ancient champions
  An acid blob (Spider:2)
  6 sphinxes
  2 revenants
  5 deep elf sorcerers
  6 emperor scorpions (Spider:4)
  10 vault wardens
  3 ghost moths (Spider:4)
  Aizul (Vaults:1)
  Louise (Shoals:3)
  A frost giant (D:12)
  3 curse skulls
  A juggernaut zombie (Crypt:3)
  3 orc warlords
  4 very ugly things
  6 ghouls
  5 deep elf elementalists
  19 ironbound preservers
  2 stone giants
  A caustic shrike skeleton (Crypt:2)
  2 broodmothers (Spider:3)
  2 ironbound thunderhulks
  A war gargoyle (Vaults:2)
  3 vampire knights
  Azrael (D:13)
  The ghost of pigah the Zephyrmancer, a journeyman OpWn of Gozag (Lair:5)
  17 dire elephants
  9 deep elf annihilators
  10 deep elf demonologists
  2 spark wasps
  5 eidola
  A minotaur (Shoals:4)
  A crystal guardian (Vaults:2)
  4 deep elf death magi (Elf:3)
  4 entropy weavers
  11 jiangshi
  An ettin (Vaults:1)
  A quicksilver dragon zombie (Crypt:3)
  9 yaktaur captains
  Josephine (Lair:3)
  6 merfolk javelineers
  7 merfolk impalers
  7 great orbs of eyes
  2 mummy priests (Crypt:3)
  2 deep elf high priests (Elf:3)
  2 spriggan zombies
  A rakshasa (D:13)
  2 hydras
  2 caustic shrike simulacra (IceCv)
  6 vault guards
  A peacekeeper (Vaults:2)
  8 ironbound frosthearts
  18 centaur warriors
  A bennu zombie (Crypt:2)
  2 death knights
  An ogre mage (D:15)
  4 radroaches
  8 boulder beetles
  A merfolk avatar (Shoals:4)
  19 satyrs
  23 dancing weapons
  3 merfolk aquamancers
  11 two-headed ogres
  4 alligator snapping turtles
  2 jorogumos (Spider:4)
  2 catoblepae
  5 death yaks (Lair:3)
  An alligator (shapeshifter) (Lair:5)
  9 vampire magi
  A deep troll earth mage (Vaults:1)
  2 orc high priests (Orc:2)
  A tengu warrior (D:14)
  3 thrashing horrors (Lair:5)
  2 soul eaters
  A hell knight (Depths:1)
  A large abomination (Lair:5)
  18 deep elf knights
  A sun moth (Spider:1)
  3 pharaoh ants
  6 skysharks
  3 shadow wraiths (Crypt:3)
  20 skeletal warriors
  2 spriggan simulacra (IceCv)
  A glowing orange brain (Vaults:2)
  8 sea snakes
  57 deep trolls
  13 orb spiders
  5 flayed ghosts
  A bunyip skeleton (Crypt:1)
  7 wizards
  Pikel (D:9)
  4 phantasmal warriors (Crypt:2)
  An obsidian statue (IceCv)
  9 bog bodies
  21 deep elf pyromancers
  A shadow dragon zombie (Crypt:1)
  14 ironbound convokers
  10 lindwurms
  2 orc knights
  10 deep elf archers
  A broodmother zombie (Crypt:2)
  6 steelbarb worms
  28 deep elf zephyrmancers
  16 wolf spiders
  An anaconda skeleton (Crypt:3)
  An orc sorcerer (Vaults:4)
  2 stone giant zombies
  18 manticores
  10 harpies
  11 necromancers
  37 ugly things
  9 cyclopes
  25 fauns
  A centaur zombie (Crypt:2)
  3 oklob plants
  2 moths of wrath (Spider:4)
  A jorogumo skeleton (Crypt:1)
  An iron dragon zombie (D:15)
  10 merfolk sirens
  5 water nymphs
  A stone giant skeleton (D:15)
  A goliath frog skeleton (Crypt:1)
  9 black mambas
  An orc zombie (Crypt:1)
  12 vault sentinels
  An eye of devastation (shapeshifter) (D:12)
  4 torpor snails
  A centaur skeleton (Crypt:2)
  18 elephants
  2 gargoyles
  10 demonic crawlers
  37 yaktaurs
  A smoke demon (Lair:5)
  An iron troll zombie (Crypt:1)
  2 unseen horrors
  10 cane toads
  6 komodo dragons
  A naga skeleton (Crypt:2)
  An efreet (D:15)
  A kobold demonologist (D:14)
  A minotaur zombie (Crypt:2)
  3 rime drakes
  A komodo dragon (shapeshifter) (Elf:1)
  An ice devil (IceCv)
  A green draconian skeleton (Crypt:3)
  2 elf skeletons (Vaults:4)
  19 freezing wraiths
  8 trolls
  3 anaconda simulacra (IceCv)
  10 guardian mummies
  A sea snake skeleton (Crypt:1)
  An ancient zyme (Lair:5)
  3 harpy skeletons (Crypt:2)
  34 merfolk
  A tarantella (shapeshifter) (D:15)
  10 polar bears
  A death yak skeleton (Crypt:1)
  4 harpy zombies
  A hornet (D:9)
  7 wind drakes
  28 tarantellas
  Grinder (D:4)
  18 blink frogs
  A stone giant simulacrum (Crypt:2)
  13 dream sheep
  4 snapping turtles
  2 ettin zombies
  51 slime creatures
  Sigmund (D:4)
  30 culicivoras
  A spriggan (Lair:5)
  An ettin skeleton (Crypt:2)
  4 flying skulls (Crypt:2)
  12 water elementals
  50 jumping spiders
  3 shadows
  2 ushabtiu (Crypt:3)
  A vampire (D:12)
  A naga simulacrum (Crypt:2)
  3 air elementals
  12 wraiths
  40 yaks
  A ynoxinul (Lair:5)
  5 dire elephant simulacra (IceCv)
  A wyvern (D:7)
  3 fire elementals
  4 basilisks
  5 chaos spawn (Lair:5)
  56 redbacks
  5 steam dragons
  5 vampire mosquitoes
  2 minotaur simulacra (IceCv)
  6 wargs
  A harpy simulacrum (IceCv)
  A demonspawn zombie (Crypt:3)
  A hydra simulacrum (IceCv)
  11 acid dragons
  4 hell hounds (D:13)
  6 water moccasins
  36 orc warriors
  6 sky beasts
  7 black bears
  An ice beast (D:6)
  A swamp dragon zombie (Crypt:1)
  A blink frog zombie (Crypt:1)
  6 ettin simulacra (IceCv)
  An alligator simulacrum (IceCv)
  16 centaurs
  13 ogres
  A boggart (D:10)
  7 wolves
  A lemure (D:9)
  An elephant skeleton (Crypt:3)
  A phantom (D:6)
  3 kobold brigands
  3 elf zombies (Ossuary)
  A komodo dragon zombie (Crypt:2)
  10 small abominations (Lair:5)
  A necrophage (D:6)
  13 bullfrogs
  A deep troll simulacrum (IceCv)
  A cyclops zombie (Crypt:1)
  3 earth elementals (Elf:1)
  A draconian skeleton (Crypt:1)
  A gnoll sergeant (D:11)
  4 scorpions
  22 wights
  2 killer bees (D:8)
  4 lindwurm simulacra (IceCv)
  A troll skeleton (Crypt:2)
  3 howler monkeys
  2 raiju skeletons (Crypt:2)
  A human simulacrum (Vaults:1)
  A basilisk zombie (Crypt:1)
  3 jellies
  16 orc priests
  2 hounds (D:5)
  5 iguanas
  4 human zombies
  Natasha (thrice) (D:4)
  26 orc wizards
  A hell rat (Lair:2)
  A hound zombie (Ossuary)
  4 mummies (Ossuary)
  6 gnolls
  10 adders
  6 river rats (Lair:2)
  A shadow imp (D:6)
  4 white imps
  2 adder zombies
  A lava snake skeleton (Crypt:2)
  2 worms (D:2)
  2 dart slugs
  107 orcs
  A bat skeleton (Crypt:2)
  6 endoplasms
  4 giant cockroaches
  13 goblins
  6 hobgoblins
  5 jackals (D:1)
  8 kobolds
  5 quokkas
  5 ball pythons
  10 bats
  4 frilled lizards
  A goblin skeleton (Crypt:3)
  A goblin zombie (Ossuary)
  A hobgoblin zombie (Ossuary)
  A jackal zombie (Ossuary)
  A kobold zombie (Ossuary)
  14 rats
  A rat skeleton (Crypt:3)
  2 rat zombies (Ossuary)
1866 creatures vanquished.

Vanquished Creatures (collateral kills)
  2 ancient champions (Crypt:3)
  A revenant (Crypt:3)
  A caustic shrike zombie (Crypt:3)
  2 jiangshi (Crypt:3)
  A mummy priest (Crypt:3)
  A titan skeleton (Crypt:3)
  2 skeletal warriors (Crypt:3)
  An anaconda zombie (Crypt:3)
  A flayed ghost (Crypt:3)
  A steelbarb worm (Spider:4)
  An anaconda skeleton (Crypt:3)
  An ugly thing (Depths:1)
  A freezing wraith (Crypt:3)
  3 guardian mummies (Crypt:3)
  A dream sheep (Lair:5)
  A harpy skeleton (Crypt:3)
  A yak (Lair:5)
  A basilisk (Lair:5)
  A naga zombie (Crypt:3)
  A manticore skeleton (Crypt:3)
25 creatures vanquished.

Vanquished Creatures (others)
  23 fungi
  77 plants
  4 withered plants (D:15)
104 creatures vanquished.

Grand Total: 1995 creatures vanquished

Notes
Turn   | Place    | Note
-------+----------+-------------------------------------------
     0 | D:1      | Lobster4 the Deep Elf Earth Elementalist began the quest
                  | for the Orb.
     0 | D:1      | Reached XP level 1. HP: 10/10 MP: 6/6
   157 | D:1      | Reached XP level 2. HP: 15/15 MP: 5/8
   427 | D:1      | Reached XP level 3. HP: 20/20 MP: 6/9
   436 | D:1      | Learned a level 3 spell: Stone Arrow
   950 | D:2      | Reached XP level 4. HP: 24/24 MP: 9/11
  1640 | D:2      | You fall into a shaft and drop 2 floors!
  1644 | D:4      | Reached skill level 1 in Conjurations
  1733 | D:3      | Reached XP level 5. HP: 28/28 MP: 10/12
  1883 | D:3      | Reached skill level 1 in Fighting
  2017 | D:3      | Reached skill level 1 in Armour
  2520 | D:3      | Noticed an orc warrior
  2879 | D:4      | Noticed an ogre
  2947 | D:4      | Learned a level 2 spell: Passwall
  2991 | D:4      | Noticed Grinder
  3405 | D:4      | Reached skill level 5 in Earth Magic
  3563 | D:4      | Reached XP level 6. HP: 26/34 MP: 7/13
  3710 | D:4      | Found an ornate altar of the Wu Jian Council.
  3716 | D:4      | Noticed Natasha
  3832 | D:4      | Noticed Sigmund
  4133 | D:5      | Entered Level 5 of the Dungeon
  4188 | D:5      | Noticed a wraith
  4484 | D:5      | Reached XP level 7. HP: 38/38 MP: 11/15
  4484 | D:5      | Identified the +3 chain mail "Zostriesh" {rC+ Dex+4}
  4568 | D:5      | Found a burning altar of Makhleb.
  4624 | D:5      | Reached skill level 1 in Throwing
  4624 | D:5      | Reached skill level 1 in Shields
  4676 | D:5      | Reached skill level 1 in Evocations
  4856 | D:5      | Reached skill level 1 in Staves
  5007 | D:5      | Killed a wraith
  5008 | D:5      | Reached XP level 8. HP: 45/45 MP: 5/17
  5450 | D:6      | Noticed a troll
  5519 | D:6      | Reached skill level 5 in Spellcasting
  5554 | D:6      | Killed a troll
  5555 | D:6      | Reached skill level 5 in Stealth
  5668 | D:6      | Reached XP level 9. HP: 51/51 MP: 9/18
  5904 | D:6      | Reached skill level 5 in Dodging
  6033 | D:6      | Found an ancient bone altar of Kikubaaqudgha.
  6179 | D:7      | Found a sand-covered staircase.
  6188 | Ossuary  | Entered an ossuary
  6342 | Ossuary  | Reached skill level 5 in Conjurations
  7118 | D:7      | Identified the +9 morningstar of Eternal Vigilance {freeze,
                  | rC+ Str+3 Dex+4}
  7135 | D:7      | Found a staircase to the Ecumenical Temple.
  7143 | Temple   | Entered the Ecumenical Temple
  8635 | D:4      | Killed Sigmund
  8865 | D:4      | Killed Natasha
  9201 | D:4      | Found an ornate altar of the Wu Jian Council.
  9366 | D:4      | Noticed Natasha
  9371 | D:4      | Killed Natasha
  9618 | D:4      | Noticed Natasha
  9628 | D:4      | Killed Natasha
  9651 | D:4      | Killed Grinder
  9652 | D:4      | Reached XP level 10. HP: 58/58 MP: 13/21
  9728 | D:8      | Found Jocye's Overcharged Wands.
 10303 | D:8      | Identified the +9 whip of Contradiction {drain, Drain Fly
                  | rCorr}
 10328 | D:8      | Reached skill level 5 in Fighting
 10410 | D:9      | Found a radiant altar of Vehumet.
 10419 | D:9      | Became a worshipper of Vehumet
 10443 | D:9      | Found Facuxuac's Book Shop.
 10580 | D:9      | Found Medont's Jewellery Shop.
 10636 | D:9      | Found Qoeloum's Jewellery Emporium.
 10666 | D:9      | Noticed Pikel
 10673 | D:9      | Killed Pikel
 10707 | D:9      | Found a staircase to the Orcish Mines.
 10964 | D:9      | Found Lijuoc's Distillery.
 10971 | D:9      | Bought a potion of degeneration for 14 gold pieces
 11024 | D:9      | Bought the ring "Catueda" {rPois Will+ Int+5} for 467 gold
                  | pieces
 11123 | D:9      | Found Zomoirria's Antique Weapon Shoppe.
 11282 | D:10     | Entered Level 10 of the Dungeon
 11380 | D:10     | Learned a level 4 spell: Petrify
 11480 | D:10     | Noticed a gargoyle
 11507 | D:10     | Found a transporter.
 11510 | D:10     | Noticed a boulder beetle
 11515 | D:10     | Noticed a centaur warrior
 11521 | D:10     | Noticed a brown ugly thing
 11525 | D:10     | Found a glowing silver altar of Zin.
 11525 | D:10     | Found a hazy altar of Hepliaklqana.
 11566 | D:10     | Reached * piety under Vehumet
 11566 | D:10     | Offered knowledge of Shock by Vehumet.
 11633 | D:10     | Found a transporter.
 11671 | D:10     | Reached XP level 11. HP: 56/64 MP: 18/24
 12145 | D:10     | Found a blossoming altar of Fedhas.
 12465 | D:11     | Reached ** piety under Vehumet
 12465 | D:11     | Offered knowledge of Kiss of Death by Vehumet.
 12684 | D:11     | Found a staircase to the Lair.
 12737 | D:11     | Noticed a boulder beetle
 12745 | D:11     | Killed a boulder beetle
 13233 | Lair:1   | Entered Level 1 of the Lair of Beasts
 13606 | Lair:1   | Learned a level 5 spell: Borgnjor's Vile Clutch
 13847 | Lair:1   | Reached skill level 1 in Necromancy
 14348 | Lair:2   | Reached skill level 5 in Shields
 14373 | Lair:1   | Reached XP level 12. HP: 43/72 MP: 20/27
 14499 | Lair:2   | Offered knowledge of Scorch by Vehumet.
 14741 | Lair:2   | Noticed a boulder beetle
 14742 | Lair:2   | Reached *** piety under Vehumet
 14752 | Lair:2   | Killed a boulder beetle
 15243 | Lair:2   | Reached skill level 5 in Transmutations
 15243 | Lair:2   | Reached skill level 10 in Earth Magic
 15576 | Lair:3   | Found a staircase to the Shoals.
 15754 | Lair:3   | Offered knowledge of Ignite Poison by Vehumet.
 15780 | Lair:3   | Identified the +1 pair of gloves of the Alphagorgon {Contam
                  | rN+ Will+ Dex+2}
 16064 | Lair:3   | Noticed a death yak
 16157 | Lair:3   | Found a hole to the Spider Nest.
 16350 | Lair:3   | Reached skill level 10 in Spellcasting
 16467 | Lair:3   | Noticed Josephine
 16476 | Lair:3   | Reached skill level 10 in Stealth
 17061 | Lair:3   | Reached skill level 5 in Necromancy
 17063 | Lair:3   | Reached XP level 13. HP: 67/80 MP: 18/29
 17319 | Lair:3   | Killed Josephine
 17319 | Lair:3   | Reached **** piety under Vehumet
 18024 | Lair:4   | Reached skill level 10 in Dodging
 18031 | Lair:4   | Offered knowledge of Dazzling Flash by Vehumet.
 18138 | Lair:4   | You fall into a shaft and drop 1 floor!
 18138 | Lair:5   | Entered Level 5 of the Lair of Beasts
 18441 | Lair:4   | Found a staircase to the Slime Pits.
 18621 | Lair:4   | Reached skill level 10 in Conjurations
 18963 | Lair:4   | Found a viscous altar of Jiyva.
 19234 | Lair:5   | Reached skill level 10 in Fighting
 20539 | Lair:4   | Learned a level 5 spell: Lee's Rapid Deconstruction
 21001 | Lair:5   | Reached ***** piety under Vehumet
 21001 | Lair:5   | Offered knowledge of Arcjolt by Vehumet.
 21064 | Lair:5   | Found a large runed translucent door.
 21064 | Lair:5   | Found a large runed translucent door.
 21066 | Lair:5   | Noticed pigah's ghost (journeyman OpWn)
 21092 | Lair:5   | Reached XP level 14. HP: 88/88 MP: 24/32
 22346 | Lair:5   | Found a corrupted altar of Lugonu.
 22346 | Lair:5   | Found a one-way gate to the infinite horrors of the Abyss.
 22353 | Lair:5   | Identified the +4 shortbow of Boyxism {antimagic, rElec
                  | Int+3 Dex-4}
 22512 | Lair:5   | Identified the +2 plate armour "Uciejest" {rC+ Str+4 SInv}
 22764 | Orc:1    | Entered Level 1 of the Orcish Mines
 22781 | Orc:1    | Reached skill level 5 in Armour
 22892 | Orc:2    | Entered Level 2 of the Orcish Mines
 22991 | Orc:2    | Found a staircase to the Elven Halls.
 23166 | Orc:2    | Offered knowledge of Freezing Cloud by Vehumet.
 23459 | Orc:2    | Learned a level 5 spell: Freezing Cloud
 23464 | Orc:2    | Learned a level 4 spell: Iskenderun's Mystic Blast
 23503 | Orc:1    | Noticed an orc warlord
 23562 | Orc:2    | Found Ixemef's Assorted Antiques.
 24163 | Orc:2    | Noticed an orc warlord
 24171 | Orc:2    | Killed an orc warlord
 24317 | Orc:2    | Found Erafom's Antique Weapon Emporium.
 24334 | Orc:2    | Found Cunom's Antique Armour Shoppe.
 24539 | Orc:2    | Found Exos's Magic Scroll Emporium.
 24613 | Orc:2    | Bought a crude whip for 210 gold pieces
 24613 | Orc:2    | Identified the +9 whip "Sups" {freeze, Str+2 Int+4} (You
                  | bought it in a shop on level 2 of the Orcish Mines)
 24613 | Orc:2    | Bought an iridescent quarterstaff for 252 gold pieces
 24613 | Orc:2    | Identified the +5 quarterstaff "Jugano" {vamp, rN++} (You
                  | bought it in a shop on level 2 of the Orcish Mines)
 24867 | Orc:1    | Killed an orc warlord
 25564 | D:9      | Bought a scorched whip for 232 gold pieces
 25564 | D:9      | Identified the +9 whip of Blood {heavy, rElec} (You bought
                  | it in a shop on level 9 of the Dungeon)
 26239 | D:12     | Offered knowledge of Iron Shot by Vehumet.
 26249 | D:12     | Learned a level 6 spell: Iron Shot
 26462 | D:12     | Identified the +2 cloak "Ygyt" {Str+6 SInv}
 26698 | D:12     | Reached XP level 15. HP: 93/93 MP: 25/34
 26698 | D:12     | Noticed a frost giant
 26711 | D:12     | Killed a frost giant
 27660 | D:13     | Found a glowing silver altar of Zin.
 27661 | D:13     | Found Zin's Purification Station.
 27706 | D:13     | Noticed Azrael
 27716 | D:13     | Killed Azrael
 28808 | D:14     | Found a gate to the Vaults.
 29062 | D:15     | Entered Level 15 of the Dungeon
 29134 | D:15     | Found a staircase to the Depths.
 29501 | D:15     | Found an ornate altar of the Wu Jian Council.
 29997 | D:15     | Reached ****** piety under Vehumet
 30814 | Spider:1 | Entered Level 1 of the Spider Nest
 30814 | Spider:1 | Noticed Nikola
 30850 | Spider:1 | Killed Nikola
 31203 | Spider:1 | Offered knowledge of Yara's Violent Unravelling by Vehumet.
 31431 | Spider:1 | Reached XP level 16. HP: 101/101 MP: 15/36
 31879 | Spider:1 | Identified the +1 mace "Feamuofusa" {heavy, *Rage rElec
                  | rF++ Str+2}
 32459 | Spider:2 | Reached skill level 15 in Spellcasting
 32755 | Spider:2 | Found a frozen archway.
 32759 | IceCv    | Entered an ice cave
 32991 | IceCv    | Offered knowledge of Irradiate by Vehumet.
 33176 | IceCv    | Identified the +0 hat "Feanog" {Will+ Slay+3}
 33197 | IceCv    | Found an ancient bone altar of Kikubaaqudgha.
 33335 | IceCv    | Noticed a lich
 33337 | IceCv    | Killed a lich
 33940 | Spider:2 | Offered knowledge of Ozocubu's Refrigeration by Vehumet.
 34073 | Spider:2 | Noticed an acid blob
 34076 | Spider:2 | Killed an acid blob
 34331 | Spider:2 | Noticed Arachne
 34355 | Spider:2 | Killed Arachne
 34946 | Spider:3 | Reached skill level 15 in Stealth
 35151 | Spider:3 | Reached XP level 17. HP: 108/108 MP: 6/38
 35816 | Spider:3 | Offered knowledge of Spellforged Servitor by Vehumet.
 35827 | Spider:3 | Learned a level 7 spell: Spellforged Servitor
 36015 | Spider:4 | Entered Level 4 of the Spider Nest
 36505 | Spider:4 | Reached skill level 15 in Earth Magic
 37269 | Spider:4 | Offered knowledge of Fire Storm by Vehumet.
 37269 | Spider:4 | Offered knowledge of Chain Lightning by Vehumet.
 37269 | Spider:4 | Offered knowledge of Ignition by Vehumet.
 37999 | Spider:4 | Got a gossamer rune of Zot
 38300 | Vaults:1 | Entered Level 1 of the Vaults
 39342 | Vaults:1 | Found a runed translucent gate.
 39342 | Vaults:1 | Found a runed translucent gate.
 39342 | Vaults:1 | Found a runed translucent gate.
 39342 | Vaults:1 | Noticed Daydugri's ghost (adept HOFi)
 39706 | Vaults:1 | Found Hazxon's Assorted Antiques.
 39714 | Vaults:1 | Reached XP level 18. HP: 39/114 MP: 19/41
 40844 | Vaults:1 | Noticed Aizul
 40857 | Vaults:1 | Reached skill level 15 in Conjurations
 40867 | Vaults:1 | Killed Aizul
 41253 | Vaults:1 | Noticed a tentacled monstrosity
 41697 | Vaults:1 | Killed a tentacled monstrosity
 42145 | Vaults:1 | Reached skill level 15 in Dodging
 42293 | Vaults:1 | Found a viscous altar of Jiyva.
 42539 | Vaults:2 | Reached skill level 1 in Summonings
 42539 | Vaults:2 | Reached skill level 1 in Translocations
 43985 | Vaults:2 | Reached XP level 19. HP: 120/120 MP: 33/43
 45117 | Vaults:3 | Noticed Frederick
 45123 | Vaults:3 | Killed Frederick
 46025 | Vaults:3 | Found a staircase to the Crypt.
 46212 | Vaults:4 | Reached skill level 5 in Summonings
 47829 | Vaults:4 | Reached XP level 20. HP: 127/127 MP: 18/44
 47969 | Vaults:4 | Found Japanus's Book Boutique.
 48127 | Vaults:4 | Noticed Saint Roka
 48135 | Vaults:4 | Killed Saint Roka
 49470 | Shoals:1 | Entered Level 1 of the Shoals
 51302 | Shoals:2 | Identified the ring of Compassion {rCorr Stlth+}
 51614 | Shoals:3 | Noticed Louise
 52298 | Shoals:3 | Found a shadowy altar of Dithmenos.
 52343 | Shoals:3 | Killed Louise
 52824 | Shoals:4 | Entered Level 4 of the Shoals
 53270 | Shoals:4 | Got the Spellbook of Moving Necromancy
 53537 | Shoals:4 | Got a barnacled rune of Zot
 53556 | Shoals:4 | Learned a level 8 spell: Lehudib's Crystal Spear
 54235 | Shoals:4 | Reached XP level 21. HP: 133/133 MP: 36/46
 55395 | Lair:5   | Killed pigah's ghost
 56456 | Elf:1    | Entered Level 1 of the Elven Halls
 57491 | Elf:1    | Got the Treatise on Conflict and Accomplices
 57668 | Elf:2    | Found Nizoyl's Weapon Shoppe.
 57671 | Elf:2    | Reached skill level 15 in Fighting
 58158 | Elf:2    | Found a runed translucent gate.
 58158 | Elf:2    | Found a runed translucent gate.
 58158 | Elf:2    | Found a runed translucent gate.
 58172 | Elf:2    | Identified a scroll of acquirement
 58208 | Elf:2    | Paralysed by an air elemental for 1 turns
 58305 | Elf:3    | Entered Level 3 of the Elven Halls
 59235 | Elf:3    | Identified the +6 shortbow of Turmoil {elec, rPois}
 59235 | Elf:3    | Identified the amulet "Waduusit" {Faith Harm rN++ Dex+4}
 60015 | Elf:2    | Noticed Zenata
 60415 | Elf:3    | Identified the +10 great sword of Psychosis {venom, MP+9
                  | Dex+2}
 60499 | Elf:3    | Identified the +8 flail of Bodily Harmony {holy, rF++ rC-
                  | Dex-5 SInv}
 60568 | Elf:3    | Identified the +0 hat "Lenus" {Harm Int+2}
 60594 | Elf:3    | Identified the +3 flail of the Jumping Gods {heavy, *Noise
                  | Fly rN+ Int+3}
 60625 | Elf:3    | Reached XP level 22. HP: 140/140 MP: 37/48
 61694 | Crypt:1  | Entered Level 1 of the Crypt
 62617 | Crypt:1  | Found an ancient bone altar of Kikubaaqudgha.
 64483 | Crypt:2  | Found an ancient bone altar of Kikubaaqudgha.
 64953 | Crypt:3  | Entered Level 3 of the Crypt
 65394 | Crypt:3  | Found a staircase to the Tomb.
 65501 | Crypt:3  | Noticed an ancient lich
 65509 | Crypt:3  | Killed an ancient lich
 65767 | Crypt:3  | Noticed a dread lich
 65772 | Crypt:3  | Killed a dread lich
 66831 | Crypt:3  | Noticed a curse toe
 66836 | Crypt:3  | Killed a curse toe
 66920 | Crypt:3  | Found a basalt altar of Yredelemnul.
 66958 | Crypt:3  | Found an ancient bone altar of Kikubaaqudgha.
 66968 | Crypt:3  | Identified the ring of the Yeti {rPois Dex+3}
 66990 | Crypt:3  | Found the +7 sceptre of Torment {pain, torment}
 67409 | Depths:1 | Entered Level 1 of the Depths
 67450 | Depths:1 | Slain by a purple very ugly thing

Illustrated notes

Levels and vault maps discovered:
D:1:      dpeg_arrival_subterranean_lakeside_camping, layout_rooms
D:2:      layout_basic, minmay_tromino_mix6
D:3:      layout_loops_ring
D:4:      layout_gridville, kennysheep_mini_moat, uniq_sigmund, uniq_natasha,
          uniq_grinder
D:5:      layout_gridville, lightli_temple_of_fire,
          hangedman_abyss_or_decor_passed, minmay_manual_mess
D:6:      layout_loops_cross, lemuel_round_altar, minmay_manual_maat
D:7:      layout_loops_corners, minmay_temple_entry_sparse_star,
          nicolae_ossuary_entry_ruins
D:8:      layout_rooms, abandoned_shop, nicolae_shop_overcharged_wands
D:9:      layout_irregular_city, nicolae_overflow_crystal_walls, orc_0_dummy,
          serial_glass, glass_columns_a, glass_columns_c, serial_shops,
          nicolae_lakefront_shop, nicolae_shop_stone, shop,
          nicolae_shop_window_shopping, shop, uniq_pikel
D:10:     layout_irregular_city, marbit_many_paths,
          gammafunk_temple_overflow_arena, hangedman_glass_teeth,
          hangedman_misty_isle
D:11:     layout_roguey, dpeg_oklobed_lair
D:12:     cheibrodos_monumental, layout_basic, nicolae_elevator_lobby_plus
D:13:     layout_basic, zin_purify, uniq_azrael
D:14:     layout_cross, david_vaults_1, nicolae_kite_square_tiling_tiny
D:15:     gammafunk_depths_entry_grave, layout_irregular_city,
          nicolae_wu_jian_wuxing_cycle
Temple:   nicolae_temple_bog_church
Lair:1:   layout_loops_ring
Lair:2:   beast_lair_carwin_large_1, layout_regular_city,
          kennysheep_abandoned_house, lemuel_fruit_tree
Lair:3:   layout_chaotic_city, minmay_shoals_entry_centaurs,
          spider_nest_entry_a, uniq_josephine
Lair:4:   layout_roguey, minmay_slime_entry_oklob_open, serial_bayou_pond_d
Lair:5:   hellmonk_lair_end_abyssal_woods, layout_cave_shapes,
          ebering_ghost_disaster_area, grunt_megastairs_2
Shoals:1: layout_shoals, st_sunken_huts
Shoals:2: layout_shoals
Shoals:3: layout_shoals, lemuel_altar_in_water, nicolae_shoals_secluded_bog,
          uniq_louise
Shoals:4: shoals_end_hellmonk_lost_city
Spider:1: layout_chambers, spiders_nest_hornet_nest,
          hangedman_spider_tarantella_strand, uniq_nikola
Spider:2: nicolae_spider_jumping_over_cracks [nicolae_spider_jumping_sub_moat,
          nicolae_spider_jumping_sub_notch, nicolae_spider_jumping_sub_narrow,
          nicolae_spider_jumping_sub_no_exit],
          portal_ice_cave_entry_pillars_four, nicolae_spider_acid_house,
          uniq_arachne
Spider:3: layout_spider_delve
Spider:4: grunt_spider_rune_circles
Orc:1:    layout_caves
Orc:2:    grunt_orc_community_town_hall, layout_caves,
          grunt_orc_community_big_house_1, grunt_orc_community_big_house_1,
          grunt_orc_community_house_1, grunt_orc_community_house_1,
          grunt_orc_community_house_2, grunt_orc_community_house_2,
          grunt_orc_community_house_3, mines2_david
Elf:1:    eino_elf_arrival_the_gate, layout_geoelf_diagonals,
          minmay_elf_sorcery, grunt_megastairs_5
Elf:2:    elven_hall_of_blades_hangedman_original
          [nicolae_blade_entry_antechamber], layout_geoelf_octagon,
          serial_shops, nicolae_shop_competitors_out_of_business, uniq_zenata
Elf:3:    elf_hall, layout_onion_city, serial_co_window_serial,
          co_window_corner_a, co_window_paths_a, co_window_of_opportunity_a,
          co_window_corner_a, co_window_corner_a, co_window_2corner,
          co_window_of_opportunity_c, co_window_corner_b, co_window_2corner,
          co_window_paths_e, glass_columns_c, glass_columns_a, glass_columns_a
Vaults:1: gammafunk_ghost_ooze, v_pattern_1, v_misc_17, vaults_dpeg_diagonal,
          nicolae_vaults_stairing_the_circle, nicolae_vaults_branching_niches,
          serial_ice_h, nicolae_vaults_little_squares_3, layout_vaults_omnigrid,
          serial_shops, nicolae_shop_stone, uniq_aizul
Vaults:2: v_misc_25, hangedman_vaults_slice, vaults_room_stairs_pillars,
          vaults_standard_mumra_lines, v_misc_30, v_pattern_2,
          hangedman_vaults_river_flow, v_misc_3, nicolae_vaults_theta,
          v_misc_16, vaults_mumra_chevron, ontoclasm_vaults_loading_screen,
          layout_vaults_maze_snakey
Vaults:3: vaults_room_grid, hangedman_vaults_hat,
          minmay_crypt_entry_simple_round, vaults_room_stairs_pillars,
          hangedman_vaults_trim, ontoclasm_vaults_chip,
          nicolae_vaults_little_squares_3, serial_ice_g,
          nicolae_vaults_big_angled_halls, vaults_dpeg_emergency_exit,
          nicolae_vaults_sealed_display, vaults_room_door_hall,
          layout_vaults_ring, uniq_frederick
Vaults:4: nicolae_vaults_inception_network, grunt_vaults_trifunnel,
          ontoclasm_vaults_ring_square, hangedman_vaults_stream, v_pattern_5,
          v_misc_31, layout_vaults_omnicross, serial_shops, nicolae_square_shop,
          uniq_saint_roka
Crypt:1:  layout_gridlike, st_stairs_3, lemuel_mausoleum_altar_kikubaaqudgha
Crypt:2:  hangedman_staggered_hall, layout_regular_city, basic_altar
Crypt:3:  lightli_unholy_cathedral, layout_chaotic_city,
          tomb_entry_shell_bobbens, serial_sigils_hangedman_carve,
          minmay_misc_feat_hallway
Depths:1: layout_cave_shapes, serial_sigils, serial_sigils_hangedman_clutch,
          serial_sigils_hangedman_gnaw, serial_sigils_hangedman_etch,
          serial_sigils_hangedman_stare, abyss_entry_crystal,
          gammafunk_ghost_berserking_beasts, hell_entry, cheibriados_altar_1,
          minivault_11, brannock_guarded_unrand_thermic_engine

Skill      XL: |  1  2  3  4  5  6  7  8  9 10 11 12 13 14 15 16 17 18 19 20 21 22 |
---------------+-------------------------------------------------------------------+-----
Earth Magic    | 4 5 6 8 9 10 11 12 13 14 15 16 17 18 19 | 19.3
Stealth        | 3 4 5 6 7 8 10 12 13 15 16 17 18 19 20 21 | 21.1
Dodging        | 3 4 5 7 8 9 10 12 13 14 15 16 17 18 19 | 19.2
Conjurations   | 1 2 3 4 6 7 8 9 10 11 12 13 14 15 16 17 18 | 18.8
Fighting       | 1 2 3 4 6 7 8 10 11 12 13 14 15 | 15.0
Armour         | 1 2 3 4 5 6 7 8 9 |  9.4
Spellcasting   | 4 5 6 7 9 10 12 13 14 15 17 18 19 20 21 | 21.8
Throwing       | 1 2 3 |  3.0
Shields        | 1 2 4 5 |  5.0
Evocations     | 1 2 3 |  3.0
Staves         | 1 2 |  2.0
Transmutations | 4 5 |  5.0
Necromancy     | 1 5 |  5.0
Summonings     | 2 5 7 |  7.0
Translocations | 2 3 |  3.0

Action                     |  1- 3 |  4- 6 |  7- 9 | 10-12 | 13-15 | 16-18 | 19-21 | 22-24 || total
---------------------------+-------+-------+-------+-------+-------+-------+-------+-------++-------
  Melee: Dagger            |     8 |       |       |       |       |       |       |       ||     8
         Staff             |       |       |     1 |     7 |       |       |       |       ||     8
         Morningstar       |       |       |       |       |     1 |     1 |     3 |       ||     5
         Mace              |       |       |       |       |       |       |     1 |     1 ||     2
  Throw: Dart              |       |       |     3 |    68 |   110 |    71 |    23 |     1 ||   276
         Throwing net      |       |       |       |       |     1 |       |       |       ||     1
   Cast: Sandblast         |    54 |    94 |    76 |    46 |    79 |    12 |    20 |     3 ||   384
         Stone Arrow       |       |     3 |    79 |   376 |   642 |   175 |   190 |    92 ||  1557
         Petrify           |       |       |       |    15 |     6 |       |       |       ||    21
         Borgnjor's Vile C |       |       |       |     1 |     1 |    17 |    15 |       ||    34
         Freezing Cloud    |       |       |       |       |    18 |    63 |   102 |     3 ||   186
         Iskenderun's Myst |       |       |       |       |     9 |    26 |    19 |     7 ||    61
         Iron Shot         |       |       |       |       |   160 |   524 |   668 |   251 ||  1603
         Lee's Rapid Decon |       |       |       |       |       |     1 |       |       ||     1
         Lehudib's Crystal |       |       |       |       |       |       |     1 |    48 ||    49
         Spellforged Servi |       |       |       |       |       |       |       |    25 ||    25
  Evoke: Wand              |       |       |       |     3 |     7 |     6 |     1 |     3 ||    20
         Lightning rod     |       |       |       |       |     3 |    13 |       |       ||    16
    Use: Scroll            |       |     6 |     7 |    14 |    11 |     9 |     5 |     3 ||    55
         Potion            |       |     2 |     1 |       |     1 |     7 |       |     3 ||    14
 Armour: Robe              |     7 |     2 |     1 |       |       |       |       |       ||    10
         Steam dragon scal |       |       |    14 |    59 |    64 |       |       |       ||   137
         Acid dragon scale |       |       |       |       |     4 |    75 |    22 |       ||   101
         Ring mail         |       |       |       |       |       |       |     5 |    43 ||    48
  Dodge: Dodged            |    25 |    28 |    36 |   138 |   214 |   219 |   268 |   146 ||  1074
         Repelled          |       |       |       |       |       |     2 |    10 |       ||    12
  Block: Buckler           |       |       |     9 |    52 |    85 |    83 |    77 |    52 ||   358

Table legend: (Time is in decaauts)
 A = Elapsed time spent in this place.
 B = Non-inter-level travel time spent in this place.
 C = Inter-level travel time spent in this place.
 D = Time resting spent in this place.
 E = Time spent auto-exploring this place.
 F = Levels seen in this place.
 G = Mean time per level.
                   A        B        C        D        E       F      G
               +--------+--------+--------+--------+--------+-----+--------+
         Total |  67746 |  60535 |   7211 |  14111 |  33842 |  44 | 1539.7 |
       Dungeon |  19301 |  16804 |   2497 |   2392 |  11107 |  15 | 1286.7 |
        Temple |    203 |    189 |     14 |      0 |    177 |   1 |  203.0 |
          Lair |  10269 |   8844 |   1425 |   2575 |   4468 |   5 | 2053.8 |
        Shoals |   5343 |   5024 |    319 |    809 |   3137 |   4 | 1335.8 |
   Spider Nest |   6724 |   6241 |    483 |   1819 |   3146 |   4 | 1681.0 |
  Orcish Mines |   2788 |   2482 |    306 |    620 |   1171 |   2 | 1394.0 |
   Elven Halls |   4882 |   4574 |    308 |   1080 |   2575 |   3 | 1627.3 |
        Vaults |  11507 |   9979 |   1528 |   2737 |   5437 |   4 | 2876.8 |
         Crypt |   5462 |   5134 |    328 |   1670 |   2328 |   3 | 1820.7 |
        Depths |     40 |     40 |      0 |      0 |     11 |   1 |   40.0 |
       Ossuary |    350 |    350 |      0 |     57 |     97 |   1 |  350.0 |
      Ice Cave |    873 |    873 |      0 |    349 |    187 |   1 |  873.0 |
               +--------+--------+--------+--------+--------+-----+--------+

Top non-repeatable levels by time:
Vaults:1: 4051 daAuts
  Lair:4: 2752 daAuts
Vaults:4: 2729 daAuts
Vaults:3: 2495 daAuts
  Lair:2: 2348 daAuts
     D:4: 2293 daAuts
Spider:4: 2247 daAuts
Vaults:2: 2231 daAuts
  Lair:5: 2032 daAuts
   Elf:3: 2009 daAuts
  Lair:3: 1976 daAuts
 Crypt:2: 1966 daAuts
 Crypt:3: 1917 daAuts
   Orc:2: 1911 daAuts
Spider:1: 1780 daAuts
